[Event "ICCopen2017"]
[Site "Internet Chess Club"]
[Date "2017.03.26"]
[Round "10"]
[White "chabotheking"]
[Black "Kalmyk"]
[Result "1-0"]
[ICCResult "Black checkmated"]
[WhiteElo "2601"]
[BlackElo "2770"]
[Opening "Nimzovich-Larsen attack: Indian variation"]
[ECO "A01"]
[NIC "VO.08"]
[Time "20:53:47"]
[TimeControl "180+0"]

1. b3 Nf6 2. Bb2 g6 3. e3 Bg7 4. Nc3 O-O 5. d4 d5 6. Qd2 c5 7. f3 Nc6 8.
Nge2 cxd4 9. exd4 a6 10. O-O-O b5 11. h4 b4 12. Na4 e6 13. g4 Bd7 14. Kb1
Qc7 15. h5 Na5 16. Nc5 Rfb8 17. hxg6 hxg6 18. Nc1 Bb5 19. N1d3 Nb7 20. Ne5
Bxf1 21. Rdxf1 a5 22. Qh2 a4 23. Nxa4 Rxa4 24. bxa4 Nd6 25. Nd3 Qc6 26. Nc5
Ra8 27. Bc1 Nc4 28. Bh6 Bh8 29. Bf8 Kxf8 30. Qxh8+ Ke7 31. Qh2 Nd7 32. Qh4+
Kd6 33. Rd1 Nxc5 34. dxc5+ Qxc5 35. Qf6 Na3+ 36. Ka1 Nxc2+ 37. Kb2 Ne3 38.
Rc1 Nc4+ 39. Kb1 Qe3 40. Rxc4 dxc4 41. Rd1+ Kc6 42. Qxf7 Ra7 43. Qe8+ Kc7
44. Rd7+ Kb6 45. Qb8+ Kc6 46. Qd6# {Black checkmated} 1-0

[Event "ICCopen2017"]
[Site "Internet Chess Club"]
[Date "2017.03.26"]
[Round "10"]
[White "fairplay"]
[Black "santaneco1"]
[Result "0-1"]
[ICCResult "White forfeits on time"]
[WhiteElo "1269"]
[BlackElo "1679"]
[Opening "Réti opening"]
[ECO "D13"]
[NIC "QP.11"]
[Time "20:53:34"]
[TimeControl "180+0"]

1. Nf3 c6 2. c4 d5 3. cxd5 cxd5 4. d4 Nc6 5. Nc3 Nf6 6. Bf4 a6 7. e3 g6 8.
Bd3 Bg7 9. O-O O-O 10. e4 dxe4 11. Nxe4 Bg4 12. Be3 Nxe4 13. Bxe4 f5 14.
Bxc6 bxc6 15. Qb3+ Kh8 16. Ne5 Bxe5 17. dxe5 Be2 18. Bh6 Bxf1 19. Kxf1 Qd5
20. Qc2 Rfd8 21. Qa4 Qb5+ 22. Qxb5 axb5 23. Bg5 Rd7 24. e6 Rc7 25. Rd1 Kg8
26. Bh6 c5 27. h4 Rc6 28. Rd7 Rxe6 29. g3 Kf7 30. Bg5 Rxa2 31. b3 Rb2 32.
Rc7 Rc2 33. Rb7 b4 34. Be3 c4 35. Rxb4 cxb3 36. Rxb3 Ra2 37. Rb7 Ra1+ 38.
Kg2 Ra4 39. Kf3 Rg4 40. Kg2 Rge4 41. Bg5 f4 42. g4 Rc4 43. Kh2 Re2 44. Kg2
Rcc2 45. Kf1 Rxf2+ {White forfeits on time} 0-1

[Event "ICCopen2017"]
[Site "Internet Chess Club"]
[Date "2017.03.26"]
[Round "10"]
[White "epithetos"]
[Black "blackending"]
[Result "0-1"]
[ICCResult "White forfeits on time"]
[WhiteElo "1356"]
[BlackElo "1537"]
[Opening "King's Indian, 3.Nf3"]
[ECO "E67"]
[NIC "KI.79"]
[Time "20:53:35"]
[TimeControl "180+0"]

1. d4 Nf6 2. c4 g6 3. Nf3 Bg7 4. g3 O-O 5. Bg2 d6 6. O-O Nbd7 7. Nc3 Re8 8.
e4 e5 9. d5 a5 10. h3 Nc5 11. Nd2 Nfd7 12. a3 a4 13. b3 axb3 14. Nxb3 Nxb3
15. Qxb3 Nc5 16. Qc2 b6 17. a4 f5 18. Be3 fxe4 19. Bxc5 bxc5 20. Bxe4 Bxh3
21. Rfb1 Bd7 22. Rb7 Rb8 23. Rab1 Rxb7 24. Rxb7 Qc8 25. Qb2 Kh8 26. a5 Qa8
27. Rxc7 Bf5 28. Qb7 Qxb7 29. Rxb7 Ra8 30. a6 h5 31. a7 Kh7 32. f3 Bc8 33.
Rc7 Bh3 34. Nb5 Kg8 35. Bxg6 Bh6 36. Rb7 Be3+ 37. Kh2 Bc8 38. Rb8 Rxa7 39.
Rxc8+ Kg7 40. Nxa7 Kxg6 41. Rg8+ Kf5 42. Rf8+ Kg6 43. Nc8 e4 44. f4 Bd4 45.
Nxd6 e3 46. Re8 Kf6 47. g4 hxg4 48. Kg3 Kg7 49. Kxg4 Kg6 50. f5+ Kf6 51. Re7
Kxe7 52. Ne4 Kf7 53. Kf3 Kg7 54. Ke2 Be5 55. Nd6 Kf6 56. Kxe3 Bxd6 57. Ke4
Kf7 58. Kf3 Ke7 59. Ke4 Kf6 60. Kf3 Kxf5 61. Ke2 Ke5 62. Kd3 Kf4 63. Kc3 Ke4
64. Kb3 Kd4 65. Ka4 Kxc4 {White forfeits on time} 0-1

[Event "ICCopen2017"]
[Site "Internet Chess Club"]
[Date "2017.03.26"]
[Round "10"]
[White "dynamo"]
[Black "km1515"]
[Result "1/2-1/2"]
[ICCResult "Black stalemated"]
[WhiteElo "1754"]
[BlackElo "2091"]
[Opening "English opening"]
[ECO "D35"]
[NIC "EO.64"]
[Time "20:53:08"]
[TimeControl "180+0"]

1. c4 e6 2. Nc3 d5 3. cxd5 exd5 4. d4 Nf6 5. e3 Be7 6. Nf3 O-O 7. Be2 b6 8.
h3 Bb7 9. Bd2 Re8 10. a3 Nbd7 11. Rc1 a6 12. Qc2 c5 13. dxc5 Nxc5 14. b4
Nce4 15. Nxe4 Nxe4 16. Bd3 Bd6 17. O-O Rc8 18. Qb1 Qf6 19. Rxc8 Rxc8 20. Rc1
Re8 21. Bxe4 dxe4 22. Bc3 Qg6 23. Nd4 h5 24. Kf1 h4 25. a4 Qh5 26. b5 a5 27.
Nc6 Bc8 28. Bd4 Bc5 29. Bxc5 bxc5 30. Qc2 Bb7 31. Qxc5 Qg6 32. Nd4 Rc8 33.
Qa3 Rxc1+ 34. Qxc1 Bd5 35. Qc8+ Kh7 36. Qf5 Bc4+ 37. Ke1 Bd3 38. Qxg6+ Kxg6
39. b6 Ba6 40. Nc6 Kf6 41. Nxa5 Ke6 42. b7 Bxb7 43. Nxb7 Kd7 44. Nc5+ Kc6
45. Nxe4 Kb6 46. Ng5 Ka5 47. Nxf7 Kxa4 48. g3 hxg3 49. fxg3 Kb5 50. Kf2 Kc6
51. Kf3 Kd7 52. Ng5 Ke7 53. Kg4 Kf6 54. h4 Kg6 55. e4 Kf6 56. Kf4 Kg6 57. g4
Kf6 58. h5 Ke7 59. Kf5 Kf8 60. Kg6 Kg8 61. Ne6 Kh8 62. Nxg7 Kg8 63. e5 Kf8
64. e6 Ke7 65. Nf5+ Kxe6 66. h6 Kd7 67. h7 Ke6 68. h8=Q Kd5 69. Qd4+ Ke6 70.
g5 {Black stalemated} 1/2-1/2

[Event "ICCopen2017"]
[Site "Internet Chess Club"]
[Date "2017.03.26"]
[Round "10"]
[White "Eigeneier"]
[Black "Eliezer"]
[Result "1-0"]
[ICCResult "Black forfeits on time"]
[WhiteElo "1869"]
[BlackElo "1526"]
[Opening "QGD semi-Slav"]
[ECO "D43"]
[NIC "SL.01"]
[Time "20:53:32"]
[TimeControl "180+0"]

1. d4 d5 2. c4 c6 3. Nf3 e6 4. Nc3 Nf6 5. Bg5 Be7 6. e3 Nbd7 7. cxd5 Nxd5 8.
Bxe7 Qxe7 9. Bd3 O-O 10. O-O Re8 11. Qc2 h6 12. a3 e5 13. Nxd5 cxd5 14. dxe5
Nxe5 15. Nxe5 Qxe5 16. Rad1 Be6 17. Be2 a6 18. Bf3 Red8 19. Rd2 Rac8 20. Qa4
Qd6 21. Rfd1 b5 22. Qd4 Qc7 23. h3 Qc4 24. Qxc4 bxc4 25. Bxd5 Bxd5 26. Rxd5
Rxd5 27. Rxd5 c3 28. bxc3 Rxc3 29. Rd8+ Kh7 30. a4 Rc4 31. Rd4 Rxd4 32. exd4
Kg6 33. Kf1 Kf5 34. Ke2 Ke4 35. g4 Kxd4 36. f4 a5 37. f5 f6 38. Kf3 Kc4 39.
Ke4 Kb4 40. Kd5 Kxa4 41. Ke6 Kb4 42. Kf7 a4 43. Kxg7 a3 44. Kxf6 a2 45. Ke7
a1=Q 46. f6 Qe5+ 47. Kf7 Qg5 48. Ke6 Qg6 49. Ke7 Qe4+ 50. Kf8 Qa8+ 51. Kg7
Qe8 52. f7 Qe7 53. Kg8 Qe6 54. Kg7 Qe7 55. h4 Kc5 56. Kg8 Qe6 57. Kg7 Qxg4+
58. Kxh6 Qf5 59. Kg7 Qg4+ 60. Kf8 Qxh4 61. Ke8 Qh5 62. Ke7
{Black forfeits on time}
1-0

[Event "ICCopen2017"]
[Site "Internet Chess Club"]
[Date "2017.03.26"]
[Round "10"]
[White "fishmaster"]
[Black "Kusox"]
[Result "1/2-1/2"]
[ICCResult "Black ran out of time and White has no material to mate"]
[WhiteElo "1767"]
[BlackElo "2087"]
[Opening "Sicilian"]
[ECO "B50"]
[NIC "SI.01"]
[Time "20:53:41"]
[TimeControl "180+0"]

1. e4 c5 2. Nf3 d6 3. c3 Nc6 4. Be2 Bg4 5. d4 cxd4 6. cxd4 e6 7. h3 Bxf3 8.
Bxf3 Nf6 9. Nc3 Be7 10. Be3 O-O 11. O-O e5 12. d5 Nb8 13. Bg4 Nxg4 14. Qxg4
g6 15. f4 Bf6 16. f5 Nd7 17. Ne2 Bg7 18. Ng3 Nf6 19. Qh4 Qa5 20. Bg5 Nd7 21.
Bh6 f6 22. Bxg7 Kxg7 23. fxg6 hxg6 24. Qg4 Rf7 25. Nf5+ Kf8 26. Nxd6 Qb6+
27. Kh2 Qxd6 28. Qxg6 Ke7 29. Rac1 a5 30. Rf5 Nc5 31. Rf3 a4 32. Rfc3 b6 33.
b3 axb3 34. axb3 Ra3 35. h4 Rxb3 36. Rxb3 Nxb3 37. Rb1 Qa3 38. Qf5 Nd4 39.
Qc8 Qd6 40. Qb7+ Kf8 41. Qc8+ Kg7 42. Qg4+ Kh7 43. Qh5+ Kg8 44. Ra1 Qb8 45.
Ra3 Rg7 46. g4 f5 47. gxf5 Qc8 48. Ra2 b5 49. Qd1 Qd8 50. Qe1 Rh7 51. Rg2+
Kh8 52. Qg3 Qxh4+ 53. Kg1 Qxg3 54. Rxg3 Nxf5 55. exf5 Rb7 56. Re3 Kg7 57.
Rxe5 Kf6 58. Re6+ Kxf5 59. Rd6 Ke5 60. Rd8 b4 61. d6 b3 62. d7 Ke6 63. Ra8
Kxd7 64. Ra1 Kc6 65. Rb1 Kc5 66. Kf1 Kc4 67. Ke1 Kc3 68. Kd1 Rh7 69. Rxb3+
Kxb3 70. Kd2 Rh6 71. Ke3
{Black ran out of time and White has no material to mate}
1/2-1/2

[Event "ICCopen2017"]
[Site "Internet Chess Club"]
[Date "2017.03.26"]
[Round "10"]
[White "fletcherdavid"]
[Black "Mormegil"]
[Result "0-1"]
[ICCResult "White forfeits on time"]
[WhiteElo "1843"]
[BlackElo "1734"]
[Opening "Nimzovich-Larsen attack: classical variation"]
[ECO "A01"]
[NIC "VO.08"]
[Time "20:53:48"]
[TimeControl "180+0"]

1. b3 d5 2. e3 Nf6 3. Bb2 c5 4. Bxf6 exf6 5. Nf3 Nc6 6. d4 b6 7. Bb5 Bb7 8.
O-O a6 9. Bxc6+ Bxc6 10. Nbd2 Be7 11. dxc5 bxc5 12. c4 O-O 13. cxd5 Qxd5 14.
Nc4 Qh5 15. Qc2 Bxf3 16. gxf3 Qxf3 17. Rfe1 Rfd8 18. Qe2 Qh3 19. Rad1 h6 20.
Qf1 Qg4+ 21. Kh1 Qf3+ 22. Kg1 Rxd1 23. Rxd1 Rd8 24. Rxd8+ Bxd8 25. Nd2 Qg4+
26. Kh1 Bc7 27. f3 Qe6 28. Qf2 Qd6 29. Nc4 Qd3 30. Kg2 g5 31. Qd2 Qxd2+ 32.
Nxd2 Kf8 33. h3 Ke7 34. e4 Ke6 35. Nc4 f5 36. Kf2 fxe4 37. fxe4 f5 38. exf5+
Kxf5 39. Kf3 h5 40. Ne3+ Kg6 41. Ke4 Bf4 42. Nd5 Bh2 43. Ne7+ Kh6 44. Nf5+
Kh7 45. a4 g4 46. hxg4 hxg4 47. Ne3 g3 48. Kf3 Kg7 49. Nf5+ Kf6 50. Nd6 Ke5
51. Nb7 Kd4 52. Na5 Kc3 53. Nb7 Kb4 54. a5 Kb5 55. Kg2 Kc6 56. Nd8+ Kd7 57.
Nb7 Kc7 58. Nxc5 Kc6 59. b4 Kb5 60. Nxa6 Kxa6 61. Kh1 Kb5
{White forfeits on time}
0-1

[Event "ICCopen2017"]
[Site "Internet Chess Club"]
[Date "2017.03.26"]
[Round "10"]
[White "Kiketf"]
[Black "Cubitas"]
[Result "1/2-1/2"]
[ICCResult "Black ran out of time and White has no material to mate"]
[WhiteElo "2053"]
[BlackElo "2422"]
[Opening "Old Benoni defense"]
[ECO "A43"]
[NIC "OI.09"]
[Time "20:53:38"]
[TimeControl "180+0"]

1. d4 c5 2. c3 cxd4 3. cxd4 g6 4. Nf3 Bg7 5. Nc3 d5 6. Bf4 Nc6 7. e3 Bg4 8.
Be2 Bxf3 9. Bxf3 e6 10. O-O Nge7 11. Rc1 O-O 12. Nb5 a6 13. Nd6 Ra7 14. Qb3
Qd7 15. Rc5 f5 16. h4 h6 17. Rfc1 g5 18. hxg5 hxg5 19. Bh2 f4 20. Ne4 dxe4
21. Bg4 Nf5 22. Bxf5 Rf6 23. Bxe4 Ra8 24. Rxg5 fxe3 25. fxe3 Nxd4 26. exd4
Qxd4+ 27. Kh1 Qxe4 28. Qg3 Qh7 29. Rxg7+ Qxg7 30. Qxg7+ Kxg7 31. Be5 Kg6 32.
Bxf6 Kxf6 33. Rc7 Rb8 34. Kg1 Ke5 35. Kf2 Kd6 36. Rc2 Rf8+ 37. Ke3 Rf5 38.
b4 b6 39. g4 Rf1 40. Rg2 Ke7 41. g5 Kf7 42. Kd4 Re1 43. g6+ Kg7 44. a3 e5+
45. Kd5 e4 46. Kc6 b5 47. Kb6 e3 48. Kxa6 Ra1 49. Kxb5 Rxa3 50. Kb6 Rd3 51.
b5 Rd2 52. Rg3 e2 53. Re3 Kxg6 54. Kb7 Kf5 55. b6 Kf4 56. Re8 Kf3 57. Ka8
Ra2+ 58. Kb8 Kf2 59. Rf8+ Kg1 60. Re8 Kf1 61. Rf8+ Kg1 62. Rg8+ Kf1 63. Rf8+
Kg1 64. Rh8 Kf1 65. Rh2 e1=Q 66. Rxa2 Qe8+ 67. Kc7 Qf7+ 68. Kc6 Qxa2 69. b7
Qb3 70. b8=Q Qxb8 71. Kd5 Qa8+ 72. Kd4 Ke2 73. Ke5 Qa7 74. Ke4 Ke1 75. Kd5
Qa6 76. Ke5 Kd1 77. Ke4 Kd2 78. Ke5 Qa5+ 79. Ke6 Kd3 80. Kf6 Qa6+ 81. Ke7
Kd4 82. Kf7 Qa7+ 83. Kf6 Kd5 84. Kg6
{Black ran out of time and White has no material to mate}
1/2-1/2

[Event "ICCopen2017"]
[Site "Internet Chess Club"]
[Date "2017.03.26"]
[Round "10"]
[White "Wage-slave"]
[Black "anakinnn"]
[Result "1-0"]
[ICCResult "Black forfeits on time"]
[WhiteElo "1744"]
[BlackElo "1240"]
[Opening "King's Indian: fianchetto without c4"]
[ECO "A49"]
[NIC "QP.06"]
[Time "20:54:15"]
[TimeControl "180+0"]

1. Nf3 Nf6 2. d4 g6 3. g3 Bg7 4. Bg2 O-O 5. Nbd2 d5 6. O-O Nbd7 7. c3 c5 8.
e3 cxd4 9. exd4 b5 10. a4 bxa4 11. Rxa4 Nb6 12. Ra1 Ne4 13. Re1 Nxd2 14.
Bxd2 Nc4 15. Bc1 e6 16. b3 Nd6 17. Ba3 Re8 18. Qd3 Qb6 19. c4 dxc4 20. bxc4
Ba6 21. Bxd6 Qxd6 22. Qb3 Qb6 23. Qa2 Bb7 24. Rab1 Qc7 25. Red1 Bxf3 26.
Bxf3 Rac8 27. Rbc1 Red8 28. c5 Rxd4 29. Rxd4 Bxd4 30. c6 Qb6 31. h4 Qb2 32.
Qxb2 Bxb2 33. Rc2 Bd4 34. Kg2 Kf8 35. g4 h6 36. h5 g5 37. Be4 f6 38. Kg3 e5
39. f3 Ke7 40. Kg2 Kd6 41. Kf1 a5 42. Ke2 a4 43. Kd3 a3 44. Ra2 Bb2 45. Kc4
Kc7 46. Kb5 Rd8 47. Bf5 Rd1 48. Be4 Ra1 49. Bd5 Rxa2 50. Bxa2 Bc1 51. Kc5
Bb2 52. Kd5 Bc1 53. Ke4 Bb2 54. f4 Kxc6 55. fxe5 fxe5 56. Kf5 Kc5 57. Ke4
Kb4 58. Be6 {Black forfeits on time} 1-0

[Event "ICCopen2017"]
[Site "Internet Chess Club"]
[Date "2017.03.26"]
[Round "10"]
[White "marwan100"]
[Black "bennywins"]
[Result "0-1"]
[ICCResult "White forfeits on time"]
[WhiteElo "1666"]
[BlackElo "1556"]
[Opening "Queen's pawn game, Krause variation"]
[ECO "D02"]
[NIC "QP.08"]
[Time "20:54:29"]
[TimeControl "180+0"]

1. d4 d5 2. Nf3 c5 3. e3 Nf6 4. b3 Nc6 5. Bb2 e6 6. a3 Bd7 7. Bd3 cxd4 8.
exd4 Bd6 9. O-O O-O 10. Ne5 a6 11. Nd2 Qb6 12. Ndf3 h6 13. Qe2 Rac8 14. Rac1
Qa5 15. b4 Qb6 16. h3 Qc7 17. c4 Qb8 18. cxd5 exd5 19. Nxc6 Bxc6 20. Ne5
Rfe8 21. f4 Nd7 22. Qg4 Nf6 23. Qg3 Ne4 24. Bxe4 dxe4 25. Nxf7 Kh7 26. d5 g5
27. dxc6 Bxf4 28. Rxf4 Qa7+ 29. Rf2 e3 30. Nxg5+ hxg5 31. Qxg5 exf2+ 32. Kf1
Re1+ 33. Rxe1 fxe1=Q+ 34. Kxe1 Qg1+ 35. Kd2 Qf2+ 36. Kc3 Qe1+ 37. Kb3 Qd1+
38. Ka2 Rg8 39. Qf5+ Rg6 40. Qf7+ Kh6 41. Qf4+ Rg5 42. Qh4+ Kg6 43. Qe4+ Rf5
44. Qe6+ Kg5 45. Qe3+ Rf4 {White forfeits on time} 0-1

[Event "ICCopen2017"]
[Site "Internet Chess Club"]
[Date "2017.03.26"]
[Round "10"]
[White "sasukenakamura"]
[Black "lexa"]
[Result "1-0"]
[ICCResult "Black forfeits on time"]
[WhiteElo "1683"]
[BlackElo "1903"]
[Opening "Sicilian defense"]
[ECO "B33"]
[NIC "SI.34"]
[Time "20:56:26"]
[TimeControl "180+0"]

1. e4 c5 2. Nf3 Nc6 3. d4 cxd4 4. Nxd4 Nf6 5. Nc3 g6 6. Nxc6 bxc6 7. e5 Ng8
8. g3 Bg7 9. f4 d6 10. Bg2 Bb7 11. exd6 exd6 12. O-O Ne7 13. Ne4 d5 14. Nc5
Bc8 15. c3 O-O 16. Kh1 Re8 17. a4 a5 18. Re1 Nf5 19. Bd2 h5 20. Rxe8+ Qxe8
21. Qf3 Qe7 22. Qf2 d4 23. Ne4 Rb8 24. Be1 c5 25. Rc1 Bb7 26. Ng5 Bxg2+ 27.
Qxg2 Ne3 28. Qe2 Qb7+ 29. Nf3 Qxb2 30. Qxb2 Rxb2 31. cxd4 Bxd4 32. Bxa5 Ra2
33. Bb6 Rxa4 34. Bxc5 Bxc5 35. Rxc5 Ra1+ 36. Ng1 Ra2 37. Rc3 Nf1 38. Nf3 Rf2
39. Kg1 Rxf3 40. Rxf3 {Black forfeits on time} 1-0

[Event "ICCopen2017"]
[Site "Internet Chess Club"]
[Date "2017.03.26"]
[Round "11"]
[White "anakinnn"]
[Black "ShiningArmor"]
[Result "0-1"]
[ICCResult "White resigns"]
[WhiteElo "1235"]
[BlackElo "1533"]
[Opening "Scandinavian (center counter) defense"]
[ECO "B01"]
[NIC "SD.02"]
[Time "21:04:35"]
[TimeControl "180+0"]

1. e4 d5 2. exd5 Qxd5 3. Nc3 Qe6+ 4. Be2 Nc6 5. Nf3 Qg6 6. O-O Bh3 7. g3
Bxf1 8. Bxf1 O-O-O 9. d4 f6 10. Bf4 e5 11. Nh4 Qf7 12. Be3 {White resigns}
0-1

[Event "ICCopen2017"]
[Site "Internet Chess Club"]
[Date "2017.03.26"]
[Round "11"]
[White "Cubitas"]
[Black "DaffyDuck"]
[Result "1-0"]
[ICCResult "Black resigns"]
[WhiteElo "2423"]
[BlackElo "1771"]
[Opening "Nimzovich-Larsen attack: Indian variation"]
[ECO "A01"]
[NIC "VO.08"]
[Time "21:04:51"]
[TimeControl "180+0"]

1. b3 Nf6 2. Bb2 b6 3. Nf3 Bb7 4. g3 g6 5. Bg2 Bg7 6. O-O O-O 7. c4 d6 8. e3
e5 9. d4 exd4 10. Nxd4 Re8 11. Bxb7 {Black resigns} 1-0

[Event "ICCopen2017"]
[Site "Internet Chess Club"]
[Date "2017.03.26"]
[Round "11"]
[White "Radar777"]
[Black "Kokopelli"]
[Result "1-0"]
[ICCResult "Black checkmated"]
[WhiteElo "1362"]
[BlackElo "1098"]
[Opening "Queen's pawn game"]
[ECO "D00"]
[NIC "QP.08"]
[Time "21:04:03"]
[TimeControl "180+0"]

1. d4 d5 2. e3 Nc6 3. Bd3 e5 4. dxe5 Nxe5 5. f4 Nxd3+ 6. Qxd3 Nf6 7. Nd2 Bb4
8. c3 Be7 9. Ngf3 O-O 10. h4 Ne4 11. Nxe4 dxe4 12. Qxe4 Re8 13. Ng5 h6 14.
Qh7+ Kf8 15. Qh8# {Black checkmated} 1-0

[Event "ICCopen2017"]
[Site "Internet Chess Club"]
[Date "2017.03.26"]
[Round "11"]
[White "Mormegil"]
[Black "king-lear"]
[Result "1-0"]
[ICCResult "Black resigns"]
[WhiteElo "1758"]
[BlackElo "1895"]
[Opening "Neo-Grünfeld, 5.Nf3"]
[ECO "D73"]
[NIC "QP.06"]
[Time "21:04:07"]
[TimeControl "180+0"]

1. d4 Nf6 2. Nf3 g6 3. g3 Bg7 4. Bg2 d5 5. c4 dxc4 6. Ne5 Ng4 7. Nxg4 Bxg4
8. Qa4+ c6 9. Qxc4 Qxd4 10. Qb3 Qb6 11. Qa4 Be6 12. Nc3 Nd7 13. O-O O-O 14.
Rd1 Nc5 15. Qh4 Bf6 16. Bg5 Qxb2 17. Bxf6 exf6 18. Qxf6 Rfd8 19. Rxd8+ Rxd8
20. Qxd8+ {Black resigns} 1-0

[Event "ICCopen2017"]
[Site "Internet Chess Club"]
[Date "2017.03.26"]
[Round "11"]
[White "octavia"]
[Black "alan2015"]
[Result "0-1"]
[ICCResult "White resigns"]
[WhiteElo "2111"]
[BlackElo "1647"]
[Opening "English opening"]
[ECO "A13"]
[NIC "TD.06"]
[Time "21:04:10"]
[TimeControl "180+0"]

1. c4 e6 2. Nf3 Nf6 3. Nc3 d5 4. e3 c5 5. cxd5 exd5 6. d4 Nc6 7. Bb5 a6 8.
Bxc6+ bxc6 9. O-O Bg4 10. b3 cxd4 11. Qxd4 Bxf3 12. gxf3 Be7 13. Bb2 O-O 14.
Rac1 c5 15. Qf4 Bd6 16. Qh4 d4 17. Ne4 Nxe4 18. fxe4 Qxh4 {White resigns}
0-1

[Event "ICCopen2017"]
[Site "Internet Chess Club"]
[Date "2017.03.26"]
[Round "11"]
[White "julkat-ch"]
[Black "giovana64"]
[Result "1-0"]
[ICCResult "Black resigns"]
[WhiteElo "1812"]
[BlackElo "1627"]
[Opening "Robatsch (modern) defense"]
[ECO "B06"]
[NIC "KF.06"]
[Time "21:04:07"]
[TimeControl "180+0"]

1. e4 g6 2. Nf3 Bg7 3. d4 c5 4. Nc3 Qa5 5. Be2 Nf6 6. O-O O-O 7. h3 a6 8.
Be3 d6 9. dxc5 dxc5 10. e5 Nfd7 11. e6 Nf6 12. exf7+ Kxf7 13. Bc4+ Be6 14.
Ng5+ Ke8 15. Nxe6 Rg8 16. Nxc5 {Black resigns} 1-0

[Event "ICCopen2017"]
[Site "Internet Chess Club"]
[Date "2017.03.26"]
[Round "11"]
[White "Tal-Baron"]
[Black "arnav311004"]
[Result "1-0"]
[ICCResult "Black resigns"]
[WhiteElo "2705"]
[BlackElo "1813"]
[Opening "Sicilian"]
[ECO "B54"]
[NIC "SI.01"]
[Time "21:04:35"]
[TimeControl "180+0"]

1. e4 c5 2. Nf3 d6 3. d4 cxd4 4. Nxd4 a6 5. c4 Nf6 6. Nc3 e6 7. Be2 Nc6 8.
Be3 Be7 9. O-O O-O 10. Qd2 Qc7 11. Rac1 Bd7 12. f3 Rad8 13. Nd5 Qb8 14. Nxc6
Nxd5 15. Nxb8 Nxe3 16. Qxe3 Rxb8 17. Rfd1 Bc6 18. b4 Rfd8 19. b5 Be8 20. f4
Bf8 21. a4 a5 22. Kf2 b6 23. Bf3 Rbc8 24. Qxb6 Ra8 25. e5 Rab8 26. Qxa5 Be7
{Black resigns}
1-0

[Event "ICCopen2017"]
[Site "Internet Chess Club"]
[Date "2017.03.26"]
[Round "11"]
[White "yozhik"]
[Black "LittleMaster"]
[Result "1-0"]
[ICCResult "Black resigns"]
[WhiteElo "2680"]
[BlackElo "2323"]
[Opening "Scotch gambit: Dubois-Réti defense"]
[ECO "C55"]
[NIC "KP.02"]
[Time "21:04:26"]
[TimeControl "180+0"]

1. e4 e5 2. Nf3 Nc6 3. d4 exd4 4. Bc4 Nf6 5. e5 d5 6. Bb5 Ne4 7. Nxd4 Bd7 8.
Bxc6 bxc6 9. O-O Bc5 10. f3 Ng5 11. Be3 Ne6 12. f4 Nxd4 13. Bxd4 Bxd4+ 14.
Qxd4 Bf5 15. c3 O-O 16. Nd2 Qe7 17. Nb3 Rfb8 18. Rf2 a5 19. Qc5 Qxc5 20.
Nxc5 Rb5 21. Nb3 c5 22. Rd2 Be4 23. Nc1 Rab8 24. b3 a4 25. Kf2 c6 26. g3 Kf8
27. Ke3 Ke7 28. bxa4 Ra5 29. Nb3 c4 30. Nxa5 {Black resigns} 1-0

[Event "ICCopen2017"]
[Site "Internet Chess Club"]
[Date "2017.03.26"]
[Round "11"]
[White "EngHany"]
[Black "bythebook"]
[Result "1-0"]
[ICCResult "Black resigns"]
[WhiteElo "1817"]
[BlackElo "1630"]
[Opening "King's Indian: orthodox, Aronin-Taimanov, 9.Ne1"]
[ECO "E98"]
[NIC "KI.03"]
[Time "21:04:13"]
[TimeControl "180+0"]

1. d4 Nf6 2. c4 g6 3. Nc3 Bg7 4. e4 d6 5. Nf3 O-O 6. Be2 e5 7. O-O Nc6 8. d5
Ne7 9. Ne1 Ne8 10. Nd3 f5 11. f3 Kh8 12. b4 Ng8 13. a4 Bd7 14. a5 f4 15. c5
g5 16. b5 b6 17. axb6 axb6 18. Rxa8 Qxa8 19. cxb6 cxb6 20. Nb4 Qd8 21. Nc6
Qf6 22. Na4 h5 23. Nxb6 Rf7 24. Nxd7 Rxd7 25. b6 Rb7 26. Qb3 Nh6 27. Ba6
{Black resigns}
1-0

[Event "ICCopen2017"]
[Site "Internet Chess Club"]
[Date "2017.03.26"]
[Round "11"]
[White "Wilsonpalencia"]
[Black "jncool68"]
[Result "1-0"]
[ICCResult "Black resigns"]
[WhiteElo "2573"]
[BlackElo "2802"]
[Opening "Alekhine's defense: four pawns attack"]
[ECO "B02"]
[NIC "AL.07"]
[Time "21:04:21"]
[TimeControl "180+0"]

1. e4 Nf6 2. e5 Nd5 3. c4 Nb6 4. d4 d6 5. f4 dxe5 6. fxe5 c5 7. d5 g6 8. Bf4
Bg7 9. Nc3 O-O 10. a4 Bf5 11. a5 N6d7 12. g4 Bxg4 13. Qxg4 Nxe5 14. Qe2 Nbd7
15. Bg2 Re8 16. Nf3 e6 17. O-O exd5 18. Nxd5 Nc6 19. Qd2 Nd4 20. Nxd4 Bxd4+
21. Kh1 Ne5 22. Bg5 Nxc4 23. Qc1 Bxb2 24. Qf4 Qd7 25. Nf6+ Bxf6 26. Bxf6 Re6
27. Qxc4 {Black resigns} 1-0

[Event "ICCopen2017"]
[Site "Internet Chess Club"]
[Date "2017.03.26"]
[Round "11"]
[White "EddieBarber"]
[Black "olimpioMD"]
[Result "0-1"]
[ICCResult "White checkmated"]
[WhiteElo "1772"]
[BlackElo "1396"]
[Opening "Sicilian"]
[ECO "B54"]
[NIC "SI.01"]
[Time "21:05:06"]
[TimeControl "180+0"]

1. e4 c5 2. Nf3 d6 3. d4 cxd4 4. Nxd4 g6 5. Nc3 Bg7 6. Be3 a6 7. Bc4 Bd7 8.
Bb3 Nc6 9. h3 b5 10. O-O Nf6 11. Re1 O-O 12. Nd5 Ne5 13. f4 Nc4 14. Bxc4
bxc4 15. Nxf6+ Bxf6 16. b4 Qc8 17. c3 Bxh3 18. gxh3 Qxh3 19. Qf3 Qd7 20. a4
e5 21. fxe5 Bxe5 22. Kg2 Rad8 23. Bf4 f6 24. Bxe5 fxe5 25. Qh3 Qxh3+ 26.
Kxh3 exd4 27. cxd4 Rf3+ 28. Kg4 Rdf8 29. b5 R8f4+ 30. Kg5 Kg7 31. Rh1 Rf2
32. Rag1 Rxe4 33. bxa6 Rf5# {White checkmated} 0-1

[Event "ICCopen2017"]
[Site "Internet Chess Club"]
[Date "2017.03.26"]
[Round "11"]
[White "FiveCardDraw"]
[Black "Nc3-4Me"]
[Result "1-0"]
[ICCResult "Black checkmated"]
[WhiteElo "1592"]
[BlackElo "1770"]
[Opening "Queen's pawn: Lundin (Kevitz-Mikenas) defense"]
[ECO "A40"]
[NIC "QO.17"]
[Time "21:05:03"]
[TimeControl "180+0"]

1. d4 Nc6 2. c4 e5 3. Nf3 Bb4+ 4. Bd2 e4 5. Bxb4 exf3 6. Bc3 fxg2 7. Bxg2
Nf6 8. e4 O-O 9. O-O d6 10. Nd2 Bg4 11. Qc2 Qd7 12. e5 Nh5 13. f4 Bh3 14.
Rf2 Bxg2 15. Kxg2 dxe5 16. dxe5 Qg4+ 17. Kh1 Nxf4 18. Rg1 Qh4 19. e6 Nh3 20.
Rxg7+ Kh8 21. Rgxf7+ Nd4 22. Bxd4+ Qxd4 23. Qxh7# {Black checkmated} 1-0

[Event "ICCopen2017"]
[Site "Internet Chess Club"]
[Date "2017.03.26"]
[Round "11"]
[White "Mad-Cobra"]
[Black "wolfandcheapgin"]
[Result "1-0"]
[ICCResult "Black resigns"]
[WhiteElo "1828"]
[BlackElo "1302"]
[Opening "King's Indian: 5.Nf3"]
[ECO "E90"]
[NIC "KI.21"]
[Time "21:04:19"]
[TimeControl "180+0"]

1. d4 Nf6 2. c4 g6 3. Nc3 Bg7 4. e4 d6 5. Nf3 O-O 6. Bd3 Nc6 7. d5 Ne5 8.
Nxe5 dxe5 9. f3 e6 10. Be3 exd5 11. cxd5 c6 12. Bc4 cxd5 13. Nxd5 Nxd5 14.
Bxd5 Be6 15. O-O Rb8 16. b3 Bxd5 17. exd5 Re8 18. Bxa7 Rc8 19. Bf2 Re7 20.
Rb1 Rd7 21. Qe1 Rxd5 22. Qb4 Rd2 23. Qxb7 Rcc2 24. a4 Qc7 25. Qe4 Qd6 26. a5
Qa6 27. b4 Rb2 28. Rbc1 Rxb4 29. Qxb4 Ra2 30. Qb8+ Bf8 31. Bc5 Rxg2+ 32.
Kxg2 Qe2+ 33. Rf2 Qxf2+ 34. Kxf2 {Black resigns} 1-0